 Dungeon Crawl Stone Soup version 0.28.0 (webtiles) character file.

Game seed: 1198741594830659869

120 Barbarella the Chucker (level 4, 0/41 HPs)
             Began as a Troll Hunter on Feb 15, 2022.
             Slain by a jelly (3 damage)
             ... in a sewer.
             The game lasted 00:06:26 (1779 turns).

Barbarella the Chucker (Troll Hunter)               Turns: 1779, Time: 00:06:26

Health: 0/41       AC: -4    Str: 22    XL:     4   Next: 75%
Magic:  3/3        EV:  9    Int:  7    God:
Gold:   123        SH:  0    Dex: 10    Spells: 3/3 levels left

rFire   . . .      SeeInvis .   a - +0 short sword
rCold   . . .      Faith    .   (no shield)
rNeg    . . .      Spirit   .   b - +0 robe
rPois   .          Reflect  .   (helmet restricted)
rElec   .          Harm     .   (no cloak)
rCorr   .          Rampage  .   (gloves unavailable)
Will    .....                   (boots unavailable)
Stlth   ++........              (no amulet)
HPRegen 0.93/turn               (no ring)
MPRegen 0.08/turn               (no ring)

@: corroded
A: large, unfitting armour, claws 3, regeneration 1, shaggy fur 1, tough skin 1
a: no special abilities


You were in a sewer.
You visited 1 branch of the dungeon, and saw 3 of its levels.
You also visited: Sewer.

You collected 123 gold pieces.

Inventory:

Hand Weapons
 a - a +0 short sword (weapon)
Missiles
 c - 5 large rocks (quivered)
 d - 2 throwing nets
 k - 3 poisoned darts
 l - 71 stones
Armour
 b - a +0 robe (worn)
Scrolls
 f - a scroll of identify {unknown}
 g - a scroll of blinking {unknown}
 h - a scroll of fog {unknown}
 i - a scroll of enchant weapon {unknown}
 j - a scroll of amnesia {unknown}
 m - a scroll of immolation {unknown}
Potions
 e - 3 potions of curing {unknown}


   Skills:
 - Level 1.5 Fighting
 - Level 4.0 Throwing
 - Level 1.5 Dodging
 + Level 1.8 Stealth
 + Level 2.7 Unarmed Combat


You had 3 spell levels left.
You didn't know any spells.
Your spell library was empty.

Dungeon Overview and Level Annotations

Branches:
Dungeon (3/15)              Sewer (1/1)

Altars:

Shops:
D:1 (


Innate Abilities, Weirdness & Mutations

You are too large for most types of armour.
You have claws for hands.
Your natural rate of healing is unusually fast.
You are covered in fur. (AC +1)
You have tough skin. (AC +1)


Message History

The endoplasm jiggles.
The endoplasm hits you but does no damage.
You hit the endoplasm.
You kill the endoplasm!
HP restored.
You enter the shallow water.
Moving in this stuff is going to be slow.
You enter the shallow water.
Moving in this stuff is going to be slow.
A jelly comes into view.
Found a murky coppery potion.
A jelly is nearby!
You enter the shallow water.
Moving in this stuff is going to be slow.
The jelly hits you but does no damage.
You puncture the jelly!
Your claws burn!
The jelly is heavily wounded.
The jelly hits you but does no damage.
You hit the jelly but do no damage.
Your claws burn!
The jelly is heavily wounded.
The jelly hits you. The acid corrodes you!
You are splashed with acid!
You hit the jelly but do no damage.
Your claws burn!
The jelly is heavily wounded.
The jelly hits you.
You are splashed with acid!
* * * LOW HITPOINT WARNING * * *
You hit the jelly but do no damage.
Your claws burn!
* * * LOW HITPOINT WARNING * * *
The jelly is heavily wounded.
The jelly hits you.
* * * LOW HITPOINT WARNING * * *
The acid corrodes you!
You are splashed with acid.
* * * LOW HITPOINT WARNING * * *
You barely miss the jelly.
The jelly is heavily wounded.
The jelly barely misses you.
You hit the jelly.
Your claws burn!
* * * LOW HITPOINT WARNING * * *
The jelly is severely wounded.
The jelly hits you.
You die...

..# ## ##≈.### ≈# ##.≈≈..
≈############ #....≈
≈≈....≈.≈≈≈.# #≈≈.# J#
......†....≈# ####.≈# ≈.#
≈#########..###≈≈≈.≈# ≈#≈≈#
≈# #..##≈≈@≈≈≈## ..≈.# ##
#..##≈J##≈..##≈..##≈
##########..##≈≈.##.≈.#.≈≈≈≈≈
.≈..≈..≈≈≈.≈###.≈.##.≈≈≈≈.≈≈.
..≈.≈≈.≈≈...# ##.!##≈.≈≈≈≈≈#
..########### ####≈≈...≈###
.†# ##≈≈≈..≈≈≈# ≈.#
#≈.≈.###..≈# ≈.## ##≈.≈##
#.≈≈#


You could see a jelly.

Vanquished Creatures
  4 adders
  A river rat (Sewer)
  A worm (D:3)
  4 dart slugs
  5 ball pythons
  9 endoplasms
  4 giant cockroaches
  3 goblins
  2 hobgoblins (D:2)
  11 jackals
  A quokka (D:2)
  3 bats
  2 frilled lizards
  2 kobolds
  7 rats
59 creatures vanquished.

Notes
Turn   | Place    | Note
-------+----------+-------------------------------------------
     0 | D:1      | Barbarella the Troll Hunter began the quest for the Orb.
     0 | D:1      | Reached XP level 1. HP: 19/19 MP: 0/0
   315 | D:1      | Found Geazynt's Weapon Shop.
   338 | D:1      | Reached XP level 2. HP: 25/27 MP: 1/1
   450 | D:1      | Reached skill level 1 in Unarmed Combat
   844 | D:2      | Reached skill level 1 in Stealth
   906 | D:2      | Reached XP level 3. HP: 4/33 MP: 2/2
   907 | D:2      | Reached skill level 4 in Throwing
  1226 | D:2      | Found a faded altar of an unknown god.
  1376 | D:2      | Reached XP level 4. HP: 41/41 MP: 3/3
  1604 | D:3      | Found a glowing drain.
  1648 | Sewer    | Entered a sewer
  1774 | Sewer    | HP: 1/41 [acid (5)]
  1779 | Sewer    | HP: 2/41 [acid (3)]
  1779 | Sewer    | Slain by a jelly

Illustrated notes

Levels and vault maps discovered:
D:1:      lemuel_arrival_rhombus, layout_basic, serial_shops,
          nicolae_shop_waterfront
D:2:      layout_loops_ring, ebering_ecumenical_altar_ruins
D:3:      layout_rooms, cheibrodos_sewer_entry_bend, minmay_divided_ellipse
Sewer:    sewer_hellmonk_slimy_pipes

Skill      XL: |  1  2  3 |
---------------+----------+-----
Unarmed Combat | 1 2 |  2.7
Stealth        | 1 |  1.8
Throwing       | 4 |  4.0
Fighting       | |  1.5
Dodging        | |  1.5

Action                   |  1- 3 |  4- 6 || total
-------------------------+-------+-------++-------
Melee: Short sword       |   128 |    81 ||   209
       Punch             |     1 |     1 ||     2
 Stab: Sleeping          |     1 |       ||     1
Armor: Robe              |    53 |    34 ||    87
Dodge: Dodged            |    72 |    27 ||    99
